AoeStats
← FloAoE

Arena

509852808Analyzed
4v4 RM · 3d ago on Sep 28, 2026· 58m 8s· 8 players
Game mode
Random Map
Map size
Large (8 player)
Population
200
Speed
Normal
Resources
Standard
Victory
Conquest
Starting age
Dark Age
Ending age
Imperial Age
RankedLock teamsTeams togetherTeam positionsShared explorationLock speedFull tech treeHidden civsTurbo modeCheats
Victory
Defeat
🇮🇹 Danes · Italy
1477
+12
🇬🇧 Britons · United Kingdom
1426
+14
🇩🇪 Burgundians · Germany
1411
+15
🇩🇪 Ethiopians · Germany
1379
+16
🇭🇰 Celts · Hong Kong SAR China
1453
-16
🇭🇰 Aztecs · Hong Kong SAR China
1381
-14
🇨🇳 Japanese · China
1370
-14
🇯🇵 Britons · Japan
1363
-13
Lishen
9:50 Feudal Age
14:00 Castle Age
12:29 Double-Bit Axe
13:08 Horse Collar
14:49 Loom
22:55 Fletching
23:38 Bodkin Arrow
27:11 Bow Saw
28:50 Wheelbarrow
28:21 Town Watch
29:40 Heavy Plow
32:29 Stone Mining
32:30 Gold Mining
32:42 Padded Archer Armor
34:20 Ballistics
35:30 Leather Archer Armor
37:16 Gold Shaft Mining
42:28 Imperial Age
40:16 Hand Cart
41:53 Yeomen
42:33 Elite Longbowman
43:15 Bracer
44:17 Chemistry
44:43 Two-Man Saw
45:17 Conscription
46:09 Ring Archer Armor
49:16 Hoardings
51:56 Hoardings
52:01 Scale Barding Armor
53:09 Forging
53:20 Chain Barding Armor
53:41 Light Cavalry
54:22 Husbandry
54:58 Iron Casting
56:31 Masonry
57:24 Plate Barding Armor
57:50 Blast Furnace
piantaz
10:12 Feudal Age
14:08 Castle Age
12:23 Double-Bit Axe
12:24 Horse Collar
15:03 Heavy Plow
17:09 Loom
21:20 Wheelbarrow
21:05 Bow Saw
22:47 Hand Cart
28:56 Imperial Age
26:37 Scale Mail Armor
28:32 Chain Mail Armor
28:39 Squires
31:34 Plate Mail Armor
31:00 Elite Varangian Guard
31:57 Arson
32:25 Forging
34:03 Gambesons
37:27 Iron Casting
36:48 Gold Mining
38:55 Masonry
39:06 Ballistics
38:38 Fletching
41:52 Blast Furnace
42:53 Gold Shaft Mining
43:03 Bodkin Arrow
44:22 Padded Archer Armor
44:22 Bracer
45:29 Chemistry
45:24 Conscription
45:31 Leather Archer Armor
44:51 Elite Skirmisher
47:25 Ring Archer Armor
47:20 Hamask
48:19 Onager
50:17 Siege Engineers
50:41 Siege Onager
51:15 Northmen's Fury
Lynx
9:05 Feudal Age
7:58 Double-Bit Axe
7:55 Horse Collar
9:24 Wheelbarrow
10:17 Bow Saw
10:57 Heavy Plow
13:11 Hand Cart
13:21 Hand Cart
18:15 Castle Age
16:51 Gold Mining
18:19 Gold Shaft Mining
18:41 Stone Mining
21:23 Two-Man Saw
21:27 Crop Rotation
21:39 Crop Rotation
21:43 Loom
22:52 Stone Shaft Mining
26:21 Forging
27:42 Iron Casting
27:13 Scale Barding Armor
27:30 Husbandry
28:10 Cavalier
33:36 Imperial Age
32:04 Ballistics
31:42 Fletching
32:11 Burgundian Vineyards
32:53 Chain Barding Armor
32:30 Bodkin Arrow
33:02 Treadmill Crane
35:45 Blast Furnace
35:23 Plate Barding Armor
34:32 Light Cavalry
34:59 Paladin
37:10 Conscription
38:59 Hussar
48:24 Chemistry
50:38 Caravan
FloAoE
10:21 Feudal Age
11:32 Double-Bit Axe
14:03 Castle Age
12:10 Horse Collar
15:15 Bow Saw
19:10 Heavy Plow
20:36 Wheelbarrow
20:31 Stone Mining
22:43 Gold Mining
23:51 Stone Shaft Mining
23:35 Hand Cart
23:05 Town Watch
24:41 Loom
25:00 Fletching
26:05 Bodkin Arrow
27:26 Crossbowman
28:13 Thumb Ring
32:18 Gold Shaft Mining
35:28 Imperial Age
33:32 Elite Skirmisher
34:57 Padded Archer Armor
35:26 Town Patrol
35:55 Leather Archer Armor
36:13 Ballistics
36:04 Masonry
35:50 Murder Holes
36:25 Bracer
37:37 Chemistry
36:35 Murder Holes
37:48 Ring Archer Armor
37:36 Arbalester
49:12 Caravan
54:50 Conscription
Freegan
5:02 Loom
10:14 Feudal Age
14:27 Castle Age
12:17 Double-Bit Axe
12:36 Horse Collar
22:26 Bow Saw
22:21 Heavy Plow
23:56 Wheelbarrow
30:20 Imperial Age
27:38 Pikeman
29:55 Forging
29:45 Scale Mail Armor
30:46 Hand Cart
30:24 Gold Mining
30:25 Stone Mining
31:19 Iron Casting
31:05 Heavy Scorpion
31:06 Capped Ram
34:21 Siege Engineers
34:28 Masonry
35:18 Chemistry
34:29 Masonry
35:19 Chemistry
35:36 Gold Shaft Mining
35:36 Stone Shaft Mining
36:14 Onager
37:47 Siege Ram
38:42 Furor Celtica
46:25 Conscription
46:21 Chain Mail Armor
45:58 Fletching
46:12 Siege Onager
47:00 Caravan
47:33 Coinage
51:59 Banking
51:59 Banking
59:17 Blast Furnace
58:47 Plate Mail Armor
59:17 Blast Furnace
58:47 Plate Mail Armor
sada-aki
5:28 Loom
11:05 Feudal Age
11:37 Double-Bit Axe
15:20 Castle Age
13:40 Horse Collar
16:20 Bow Saw
24:10 Treadmill Crane
26:10 Gold Mining
30:08 Imperial Age
28:28 Wheelbarrow
28:14 Fletching
28:47 Ballistics
29:25 Hand Cart
29:44 Coinage
29:15 Bodkin Arrow
30:06 Gold Shaft Mining
29:45 Crossbowman
30:39 Padded Archer Armor
31:52 Chemistry
30:54 Bracer
31:41 Banking
31:28 Stone Mining
31:57 Leather Archer Armor
31:12 Arbalester
33:23 Ring Archer Armor
33:54 Yeomen
37:35 Siege Engineers
39:25 Cranequins
56:22 Forging
56:14 Scale Mail Armor
56:10 Pikeman
56:36 Gambesons
56:51 Squires
56:37 Arson
57:06 Halberdier
58:14 Chain Mail Armor
58:37 Iron Casting
红白EX
11:21 Feudal Age
14:56 Castle Age
12:55 Double-Bit Axe
13:21 Horse Collar
15:32 Wheelbarrow
16:21 Bow Saw
22:18 Loom
24:24 Scale Mail Armor
25:20 Chain Mail Armor
25:50 Forging
27:31 Iron Casting
27:20 Stone Mining
27:23 Gold Mining
31:47 Imperial Age
30:03 Arson
30:37 Heavy Plow
32:07 Squires
32:46 Hand Cart
31:56 Elite Jaguar Warrior
32:09 Capped Ram
33:19 Conscription
33:31 Plate Mail Armor
34:02 Blast Furnace
33:20 Siege Ram
34:40 Garland Wars
48:42 Gold Shaft Mining
knife
10:10 Feudal Age
14:06 Castle Age
13:02 Stone Mining
13:06 Double-Bit Axe
13:31 Horse Collar
15:41 Bow Saw
21:15 Fletching
23:08 Loom
23:58 Scale Mail Armor
24:08 Forging
26:20 Wheelbarrow
32:27 Imperial Age
30:49 Squires
32:12 Chain Mail Armor
34:10 Iron Casting
34:59 Hoardings
35:59 Plate Mail Armor
37:08 Hand Cart
36:54 Man-at-Arms
37:19 Gambesons
38:38 Long Swordsman
41:26 Gold Mining
41:54 Arson
41:36 Two-Handed Swordsman
47:08 Caravan
49:02 Champion
50:23 Capped Ram
55:51 Blast Furnace
Connection lost

Rejoining the realm…

Still unreachable

The connection could not be restored.

Session expired

The server has moved on; the page needs a fresh start.